 Dungeon Crawl Stone Soup version 0.28-a0-1506-g3893175d92 (webtiles) character file.

Game seed: 9903984318344491881

49 riojii the Chopper (level 3, 32/34 HPs)
             Began as a Deep Dwarf Monk on Jan 13, 2022.
             Was a Believer of Kikubaaqudgha.
             Quit the game on level 2 of the Dungeon.
             The game lasted 00:01:40 (883 turns).

riojii the Chopper (Deep Dwarf Monk)                 Turns: 883, Time: 00:01:40

Health: 32/34      AC:  3    Str: 16    XL:     3   Next: 51%
Magic:  1/1        EV: 13    Int: 10    God:    Kikubaaqudgha [**....]
Gold:   51         SH:  0    Dex: 15    Spells: 2/2 levels left

rFire   . . .      SeeInvis .   a - +0 hand axe
rCold   . . .      Faith    .   (no shield)
rNeg    . . .      Spirit   .   f - +0 leather armour
rPois   .          Reflect  .   (no helmet)
rElec   .          Harm     .   (no cloak)
rCorr   .          Rampage  .   (no gloves)
Will    .....                   (no boots)
Stlth   ++........              (no amulet)
HPRegen 0.00/turn               (no ring)
MPRegen 0.07/turn               (no ring)

@: mildly poisoned (32 -> 32)
A: damage resistance, heal wounds, sense surroundings 1, no regeneration
a: Heal Wounds, Renounce Religion, Receive Corpses


You were on level 2 of the Dungeon.
You worshipped Kikubaaqudgha.
Kikubaaqudgha was pleased with you.
You visited 1 branch of the dungeon, and saw 2 of its levels.

You collected 51 gold pieces.

Inventory:

Hand Weapons
 a - a +0 hand axe (weapon)
Armour
 f - a +0 leather armour (worn)
Scrolls
 c - a scroll of magic mapping {unknown}
Potions
 d - a potion of curing {unknown}
 e - 2 potions of degeneration {unknown}


   Skills:
 + Level 3.1 Fighting
 + Level 3.8 Axes
 + Level 1.0 Armour
 + Level 3.8 Dodging
 - Level 2.7 Stealth


You had 2 spell levels left.
You didn't know any spells.
Your spell library contained the following spells:

 Spells                   Type           Power      Damage    Failure   Level
 Animate Skeleton         Necr           0%         N/A       43%         1
 Pain                     Necr           0%         1d4       43%         1
 Sublimation of Blood     Necr           0%         N/A       56%         2
 Agony                    Necr           0%         N/A       100%        5


Dungeon Overview and Level Annotations

Branches:
Dungeon (2/15)

Altars:
Kikubaaqudgha


Innate Abilities, Weirdness & Mutations

You are resistant to damage.
You can heal yourself by infusing magical energy.
You passively map a small area around you.
You do not regenerate.


Message History

The adder closely misses you. The adder bites you.
You are poisoned.
The adder poisons you!
Your unstable footing causes you to fumble your attack.
The adder closely misses you.
You barely miss the adder.
The adder is severely wounded.
The adder bites you but does no damage.
You miss the adder.
The adder is severely wounded.
The adder bites you but does no damage. x2
You closely miss the adder.
The adder is severely wounded.
The adder barely misses you.
Your unstable footing causes you to fumble your attack.
You are no longer poisoned.
The adder barely misses you. The adder bites you.
You are poisoned.
The adder poisons you!
You hit the adder. Your punch misses the adder.
The adder is almost dead.
The adder bites you.
You are more poisoned.
The adder poisons you!
You slash the adder!
You kill the adder!
Your Armour skill increases to level 1!
Why would you want to do that?
Found a bubbling puce potion.
There is a faded altar of an unknown god here.
You cannot tell which god this altar belongs to.
Convert to them anyway?
Kikubaaqudgha accepts your prayer! Kikubaaqudgha welcomes you!
You can now receive cadavers from Kikubaaqudgha.
Kikubaaqudgha grants you a gift!
You add the spells Animate Skeleton, Pain, Sublimation of Blood and Agony to your library.
Kikubaaqudgha is now protecting you from necromantic miscasts and death curses.
Unknown command.
Press < or > to pray at altars.
Are you sure you want to abandon this character and quit the game? (Confirm with "yes".)

* * , , , !......######## *
* #≈.≈.≈.≈≈.....#
#.≈.≈..≈..≈.≈.#### ###
.≈≈≈≈≈≈≈≈≈≈≈≈≈... ..# *
#.≈≈≈≈≈≈≈≈≈≈≈... * ..#*
#..≈≈≈≈≈≈≈≈≈≈.# , ..#*
*###.≈≈≈≈≈≈♣≈≈≈≈≈#, * ..#*
..#.≈≈≈≈.@.≈≈≈≈≈# #
..######.#.≈≈≈≈.♣.≈≈≈≈.#.#
.........#.≈≈≈≈≈≈≈≈≈≈....#,
,
..###....#..≈≈≈≈≈≈≈≈≈≈...#
..# #.#.....≈≈≈≈≈≈≈≈≈≈≈#.#
..# #.###..≈≈..≈≈.≈....#,#
..# #...........)...≈≈.# *
### ####.###..........## #
#..............# ,


There were no monsters in sight!

Vanquished Creatures
  An adder (D:2)
  A dart slug (D:1)
  7 bats
  6 endoplasms
  2 goblins
  3 hobgoblins
  3 jackals (D:1)
  3 kobolds (D:1)
  A quokka (D:1)
  2 ball pythons (D:1)
  3 rats (D:1)
32 creatures vanquished.

Notes
Turn   | Place    | Note
-------+----------+-------------------------------------------
     0 | D:1      | riojii the Deep Dwarf Monk began the quest for the Orb.
     0 | D:1      | Reached XP level 1. HP: 20/20 MP: 1/1
    81 | D:1      | Reached XP level 2. HP: 22/27 MP: 2/2
   587 | D:1      | Reached XP level 3. HP: 26/34 MP: 2/2
   846 | D:2      | Found a faded altar of an unknown god.
   878 | D:2      | Reached skill level 1 in Armour
   882 | D:2      | Prayed at the altar of an unknown god.
   882 | D:2      | Became a worshipper of Kikubaaqudgha
   882 | D:2      | Reached * piety under Kikubaaqudgha
   882 | D:2      | Received a gift from Kikubaaqudgha
   882 | D:2      | Reached ** piety under Kikubaaqudgha
   883 | D:2      | Quit the game

Illustrated notes

Levels and vault maps discovered:
D:1:      dpeg_arrival_simpleton_a, layout_loops_ring, kennysheep_another_room,
          hex_tiny
D:2:      layout_basic, chequers_ecumenical_altar_island

Skill      XL: |  1  2  3 |
---------------+----------+-----
Fighting       | 3 |  3.1
Armour         | 1 |  1.0
Axes           | |  3.8
Dodging        | |  3.8
Stealth        | |  2.7

Action                   || total
-------------------------++-------
Melee: Hand axe          ||   100
       Punch             ||     1
 Abil: Heal Wounds       ||     2
 Stab: Sleeping          ||     7
Armor: Robe              ||    26
       Leather armour    ||     7
Dodge: Dodged            ||   101

Table legend: (Time is in decaauts)
 A = Elapsed time spent in this place.
 B = Non-inter-level travel time spent in this place.
 C = Inter-level travel time spent in this place.
 D = Time resting spent in this place.
 E = Time spent auto-exploring this place.
 F = Levels seen in this place.
 G = Mean time per level.
                   A        B        C        D        E       F      G
               +--------+--------+--------+--------+--------+-----+--------+
         Total |    900 |    804 |     96 |      0 |    561 |   2 |  450.0 |
       Dungeon |    900 |    804 |     96 |      0 |    561 |   2 |  450.0 |
               +--------+--------+--------+--------+--------+-----+--------+

Top non-repeatable levels by time:
     D:1: 787 daAuts
     D:2: 113 daAuts
